 Dungeon Crawl Stone Soup version 0.27.1-33-g824d729ab1 (webtiles) character file.

Game seed: 4784993576382890915

1438 Eitelfritz the Spear-Bearer (level 8, -4/57 (62) HPs)
             Began as a Merfolk Gladiator on Nov 29, 2021.
             Was a Believer of Dithmenos.
             Slain by a wight (10 damage)
             ... on level 6 of the Dungeon on Dec 1, 2021.
             The game lasted 00:29:00 (6723 turns).

Eitelfritz the Spear-Bearer (Merfolk Gladiator)     Turns: 6723, Time: 00:29:01

HP:   -4/57 (62)    AC: 11    Str: 14    XL:     8   Next: 74%
MP:   8/8           EV: 12    Int:  9    God:    Dithmenos [**....]
Gold: 33            SH:  0    Dex: 16    Spells: 7/7 levels left

rFire    . . .     SeeInvis .   a - +1 trident (venom)
rCold    + . .     Faith    .   (no shield)
rNeg     . . .     Spirit   .   v - +2 scale mail {rC+}
rPois    .         Reflect  .   c - +0 helmet
rElec    .         Harm     .   r - +1 cloak
rCorr    .         Rampage  .   (no gloves)
Will     .....                  (no boots)
Stlth    +.........             (no amulet)
HPRegen  0.19/turn              (no ring)
MPRegen  0.11/turn              (no ring)

@: wreathed by umbra, drained
A: (nimble swimmer 2), mertail
a: Renounce Religion, Shadow Step


You were on level 6 of the Dungeon.
You worshipped Dithmenos.
Dithmenos was pleased with you.
You visited 2 branches of the dungeon, and saw 7 of its levels.
You also visited: Sewer.

You collected 217 gold pieces.
You spent 184 gold pieces at shops.

Inventory:

Hand Weapons
 a - a +1 trident of venom (weapon)
 B - a +0 lajatang
Missiles
 d - 3 throwing nets
 f - 6 boomerangs
 g - 194 stones
 m - a javelin (quivered)
 w - 24 poisoned darts
Armour
 c - a +0 helmet (worn)
 o - a +2 chain mail of cold resistance
 r - a +1 cloak (worn)
 v - a +2 scale mail of cold resistance (worn)
Jewellery
 j - an amulet of magic regeneration
 p - a ring of magical power
 q - an amulet of faith
Wands
 l - a wand of mindburst (19)
Scrolls
 h - a scroll of teleportation
 n - a scroll of amnesia
 x - a scroll of brand weapon
 y - 2 scrolls of summoning
 z - a scroll of fog
 A - a scroll of fear
 F - a scroll of blinking
Potions
 b - 2 potions of flight {unknown}
 e - 3 potions of haste
 i - 3 potions of heal wounds
 k - 4 potions of attraction
 s - 2 potions of magic {unknown}
 t - 4 potions of resistance {unknown}
 u - 2 potions of lignification
 C - 2 potions of mutation {unknown}
 D - 2 potions of might {unknown}
 E - a potion of cancellation {unknown}


   Skills:
 + Level 5.3 Fighting
 + Level 10.4 Polearms
 + Level 2.6 Throwing
 + Level 2.7 Armour
 + Level 6.4 Dodging
 + Level 3.7 Stealth


You had 7 spell levels left.
You didn't know any spells.
Your spell library contained the following spells:

 Spells                   Type           Power      Damage    Failure   Level
 Magic Dart               Conj           0%         1d3       86%         1
 Searing Ray              Conj           0%         3d3       94%         2
 Stone Arrow              Conj/Erth      0%         3d7       99%         3
 Animate Armour           Summ/Erth      0%         N/A       100%        4
 Fulminant Prism          Conj/Hex       0%         3d6       100%        4
 Iskenderun's Mystic Bla  Conj/Tloc      0%         2d3       100%        4
 Lee's Rapid Deconstruct  Erth           0%         3d5*      100%        5
 Lehudib's Crystal Spear  Conj/Erth      0%         10d2      100%        8


Dungeon Overview and Level Annotations

Branches:
Dungeon (6/15)             Temple (1/1) D:5           Sewer (visited)

Altars:
Ashenzari
Cheibriados
Dithmenos
Gozag
Hepliaklqana
Kikubaaqudgha
Makhleb
Nemelex Xobeh
Okawaru
Qazlal
Sif Muna
Trog
Uskayaw
Vehumet
Wu Jian
Xom
Yredelemnul
The Shining One

Shops:
D:1 *   D:6 [


Innate Abilities, Weirdness & Mutations

((You are quick and stealthy near water. (Stealth+, EV+, Speed+++)))
Your lower body shifts to a powerful aquatic tail in water.


Message History

The wight barely misses you.
You hit the wight but do no damage.
The wight is lightly damaged.
The wight hits you from afar with a +4 halberd.
Found 4 gold pieces.
The wight hits you with a +4 halberd! The wight closely misses you.
You closely miss the wight. The wight hits you with a +4 halberd!
You feel drained. The wight barely misses you.
You hit the wight.
The wight is moderately damaged.
The wight closely misses you.
Unknown command.
You hit the wight but do no damage.
The wight is moderately damaged.
The wight barely misses you.
You closely miss the wight.
The wight is moderately damaged.
The wight closely misses you.
The wight hits you with a +0 great sword.
You hit the wight.
The wight is heavily damaged.
The wight hits you with a +4 halberd!
You feel drained. The wight closely misses you.
You barely miss the wight.
The wight is heavily damaged.
The wight hits you with a +4 halberd!
* * * LOW HITPOINT WARNING * * *
You feel drained.
You completely miss the wight.
The wight is heavily damaged.
The wight hits you with a +0 great sword.
* * * LOW HITPOINT WARNING * * *
You hit the wight.
The wight is heavily damaged.
The wight closely misses you.
The wight hits you with a +0 great sword!
* * * LOW HITPOINT WARNING * * *
The wight closely misses you.
The wight hits you from afar with a +4 halberd!
You die...

..#### #.##......#.#..##.
......##.##......#.#..##.
.(......#............##.
#......#.......#.#.###.
..#......#.........#.# #.
$..............#########.
......z.z....>........###
.##.............#####.# #
.......#@#.###..# #.# #
.......#.#......# #.#
.......#.#......# #.# ..
..........#.#...>..# #.#
#.#
...........#......#####.###
...
..[.....###..............#
#.#
#..####.######.#.#####.#.#
..######..##....#### .#.#
##.#.# ....................
. #.....


You could see 2 wights.

Vanquished Creatures
  A water moccasin (D:5)
  2 necrophages (D:6)
  2 ogres
  2 bullfrogs (Sewer)
  A water moccasin skeleton (D:5)
  2 bullfrog zombies
  A gnoll shaman (D:5)
  Crazy Yiuf (D:5)
  An orc priest (D:6)
  2 bullfrog skeletons
  3 iguanas (D:5)
  Terence (D:3)
  5 orc wizards
  4 gnolls (D:5)
  5 river rats
  16 adders
  An adder skeleton (D:5)
  6 worms
  2 dart slugs
  12 orcs
  5 bats
  12 endoplasms
  7 giant cockroaches
  12 goblins
  7 hobgoblins
  3 jackals (D:3)
  4 kobolds
  2 quokkas (D:1)
  15 ball pythons
  A frilled lizard (D:1)
  A quokka skeleton (D:4)
  33 rats
172 creatures vanquished.

Notes
Turn   | Place    | Note
-------+----------+-------------------------------------------
     0 | D:1      | Eitelfritz the Merfolk Gladiator began the quest for the
                  | Orb.
     0 | D:1      | Reached XP level 1. HP: 16/16 MP: 1/1
    79 | D:1      | Found a faded altar of an unknown god.
   137 | D:1      | Reached XP level 2. HP: 18/23 MP: 2/2
   537 | D:1      | Reached XP level 3. HP: 28/28 MP: 3/3
   904 | D:1      | Found Inew's Assorted Antiques.
   918 | D:1      | Reached skill level 5 in Polearms
   954 | D:1      | Bought a scroll labelled BAUVVUPP GECUO for 23 gold pieces
  1362 | D:2      | Reached XP level 4. HP: 23/34 MP: 4/4
  1547 | D:2      | Reached skill level 1 in Stealth
  2518 | D:3      | Noticed Terence
  2546 | D:3      | Killed Terence
  2547 | D:3      | Reached XP level 5. HP: 25/41 MP: 5/5
  3267 | D:3      | Reached skill level 6 in Polearms
  3353 | D:4      | Noticed an ogre
  3402 | D:4      | Killed an ogre
  3403 | D:4      | Reached skill level 1 in Armour
  3403 | D:4      | Reached skill level 5 in Dodging
  3403 | D:4      | Reached XP level 6. HP: 47/47 MP: 6/6
  3501 | D:4      | Noticed a steam dragon
  3619 | D:5      | Entered Level 5 of the Dungeon
  3638 | D:5      | Noticed a water moccasin
  3651 | D:5      | Killed a water moccasin
  3652 | D:5      | Reached skill level 7 in Polearms
  3855 | D:5      | Reached XP level 7. HP: 36/53 MP: 7/7
  4271 | D:5      | Reached skill level 8 in Polearms
  4497 | D:5      | Found a staircase to the Ecumenical Temple.
  4529 | Temple   | Entered the Ecumenical Temple
  4774 | Temple   | Became a worshipper of Dithmenos the Shadowed
  5145 | D:5      | Found a runed translucent door.
  5146 | D:5      | Noticed Crazy Yiuf
  5274 | D:5      | Killed Crazy Yiuf
  5496 | D:1      | Bought a shiny scale mail for 161 gold pieces
  5679 | D:6      | Reached XP level 8. HP: 59/61 MP: 8/8
  5682 | D:6      | Found Acaukew's Antique Armour Emporium.
  5695 | D:6      | Reached skill level 9 in Polearms
  5782 | D:6      | Found an opulent altar of Gozag.
  5786 | D:6      | Found a basalt altar of Yredelemnul.
  5885 | D:6      | Found a glowing drain.
  5889 | Sewer    | Entered a sewer
  6091 | Sewer    | Reached * piety under Dithmenos
  6190 | Sewer    | Reached skill level 5 in Fighting
  6190 | Sewer    | Reached skill level 10 in Polearms
  6494 | D:6      | Found a broken altar of Ashenzari.
  6523 | D:6      | Reached ** piety under Dithmenos
  6723 | D:6      | Slain by a wight

Illustrated notes

Levels and vault maps discovered:
D:1:      sevenhm_arrival_forest_fort_large_2, layout_basic,
          ebering_ecumenical_altar_mist, serial_shops,
          nicolae_shop_window_shopping, minmay_unequal
D:2:      layout_loops_cross
D:3:      layout_loops_ring, uniq_terence
D:4:      layout_cave_pools
D:5:      layout_basic, minmay_temple_entry_nine_rooms,
          kennysheep_decorative_pillar, st_stairs_1, uniq_crazy_yiuf_cottage
D:6:      layout_basic, ashenzari_altar_1, minitemple, serial_shops, shop,
          lightli_sewer_entry_pipes, corexii_leaking_fountain, st_stairs_4
Temple:   regret_index_temple_generic_petals

Skill      XL: |  1  2  3  4  5  6  7  8 |
---------------+-------------------------+-----
Polearms       | 5 6 7 8 10 | 10.4
Stealth        | 1 2 3 |  3.7
Fighting       | 3 4 5 |  5.3
Armour         | 1 2 |  2.7
Dodging        | 5 6 |  6.4
Throwing       | |  2.6

Action                   |  1- 3 |  4- 6 |  7- 9 || total
-------------------------+-------+-------+-------++-------
Melee: Trident           |   102 |   167 |   306 ||   575
       Tailslap          |       |       |    13 ||    13
Throw: Stone             |    60 |    21 |       ||    81
       Javelin           |       |       |     1 ||     1
  Use: Scroll            |       |    10 |     4 ||    14
 Stab: Sleeping          |     1 |     7 |     6 ||    14
       Distracted        |     1 |       |       ||     1
Armor: Leather armour    |    18 |    36 |    16 ||    70
       Scale mail        |       |       |    83 ||    83
Dodge: Dodged            |    40 |    92 |   209 ||   341
